 Dungeon Crawl Stone Soup version 0.29-a0-362-g5854e031c7 (webtiles) character file.

Game seed: 13131025278299991985

724 sammy202020 the Skirmisher (level 7, 0/84 HPs)
             Began as a Demonspawn Berserker on Apr 30, 2022.
             Was a Believer of Trog.
             Slain by Duvessa
             ... wielding a +0 short sword of flaming
              (2 damage)
             ... on level 5 of the Dungeon.
             The game lasted 00:06:19 (3230 turns).

sammy202020 the Skirmisher (Demonspawn Berserker)   Turns: 3230, Time: 00:06:19

Health: 0/84       AC: 12    Str: 17    XL:     7   Next: 43%
Magic:  2/2        EV:  8    Int: 11    God:    Trog [**....]
Gold:   167        SH:  0    Dex: 14    Spells: 6/6 levels left

rFire   + . .      SeeInvis .   p - +2 hand axe (antimagic)
rCold   . . .      Faith    .   (no shield)
rNeg    . . .      Spirit   .   x - +3 chain mail
rPois   .          Reflect  .   (no helmet)
rElec   .          Harm     .   (no cloak)
rCorr   .          Rampage  .   (no gloves)
Will    .....                   (no boots)
Stlth   ..........              (no amulet)
HPRegen 0.24/turn               k - ring of protection from fire
MPRegen 0.08/turn               v - ring of flight

@: berserking, flying, very quick
A: thin skeletal structure 1, spiny 1, weakness stinger 2
a: Renounce Religion, Berserk, Trog's Hand


You were on level 5 of the Dungeon.
You worshipped Trog.
Trog was pleased with you.
You visited 1 branch of the dungeon, and saw 5 of its levels.

You collected 167 gold pieces.

Inventory:

Hand Weapons
 a - a +0 hand axe
 p - a +2 antimagic hand axe (weapon)
 t - a +0 flail
 u - a +0 war axe
Missiles
 h - 5 poisoned darts (quivered)
 w - a boomerang
Armour
 i - a scarf of shadows
 x - a +3 chain mail (worn)
Jewellery
 e - a ring of ice
 k - a ring of protection from fire (left hand)
 r - a ring of magical power
 v - a ring of flight (right hand)
Wands
 j - a wand of flame (11)
Scrolls
 l - a scroll of noise
 m - a scroll of magic mapping
 o - a scroll of teleportation
Potions
 b - a potion of ambrosia
 c - 3 potions of curing
 d - 3 potions of lignification
 g - a potion of flight
 n - a potion of heal wounds
 q - 2 potions of brilliance


   Skills:
 * Level 5.6 Fighting
 * Level 5.1 Axes
 + Level 3.3 Armour
 + Level 3.5 Dodging


You had 6 spell levels left.
You didn't know any spells.
Your spell library was empty.

Dungeon Overview and Level Annotations

Branches:
Dungeon (4/15)
 Temple: D:4-7

Altars:

Portals:
Abyss: D:3

Annotations:
D:3 2 transporters, zeratav's ghost, amateur OpCj
D:5 1 transporter, Duvessa


Innate Abilities, Weirdness & Mutations

You have a somewhat thin skeletal structure. (Dex +2, Stealth+)
You are partially covered in sharp spines.
You have a tail ending in a sharp stinger.


Message History

You closely miss Dowan. Dowan is struck by your spines.
Dowan hits you but does no damage. Duvessa is struck by your spines.
Duvessa closely misses you.
You hit Duvessa but do no damage.
Duvessa is moderately wounded.
You hit Dowan.
Dowan's magic leaks into the air.
Dowan hits you with a +0 dagger. Duvessa barely misses you.
You hit Duvessa.
Duvessa is heavily wounded.
You hit Dowan.
You kill Dowan!
Trog accepts your kill.
Trog appreciates your killing of a magic user.
Duvessa screams, "No!
How DARE you!"
Duvessa goes berserk!
Duvessa barely misses you.
Duvessa hits you with a +0 short sword of flaming.
Duvessa burns you.
You barely miss Duvessa.
Duvessa is moderately wounded.
Duvessa is struck by your spines. Duvessa hits you but does no damage.
You hit Duvessa.
Your tail-slap misses Duvessa.
Duvessa is heavily wounded.
Duvessa hits you but does no damage. Duvessa misses you.
You hit Duvessa but do no damage.
Duvessa is heavily wounded.
Duvessa closely misses you.
You hit Duvessa.
Your tail-slap misses Duvessa.
Duvessa is heavily wounded.
Duvessa hits you with a +0 short sword of flaming!
Duvessa burns you.
Duvessa hits you with a +0 short sword of flaming!
* * * LOW HITPOINT WARNING * * *
Duvessa burns you.
* * * LOW HITPOINT WARNING * * *
A red film seems to cover your vision as you go berserk!
You feel yourself moving faster!
You feel mighty! Duvessa closely misses you.
You hit Duvessa.
Duvessa is severely wounded.
Duvessa hits you with a +0 short sword of flaming.
You die...

#.#### #...##
#...# #..## #
######..######
#.#............#
..?.........>..#
####....)......#
.......).......#
.......@.(.....#
...©...e.......#
#######........#
#8.©.8#.........
#P.:.P#....>...
###+###........
#≈P≈≈S#.......(
#≈≈≈≈≈#........


You could see Duvessa (berserk) and an electric eel.

Vanquished Creatures
  Sigmund (D:3)
  A water moccasin (D:5)
  A black bear (D:5)
  A scorpion (D:4)
  Dowan (D:5)
  2 orc priests (D:4)
  Ijyb (D:3)
  4 adders
  4 gnolls (D:5)
  2 worms
  3 dart slugs
  21 orcs
  3 endoplasms
  2 giant cockroaches (D:2)
  4 goblins (D:1)
  4 hobgoblins
  4 jackals (D:3)
  8 kobolds
  3 quokkas (D:2)
  2 ball pythons
  3 bats
  6 frilled lizards
  5 rats
86 creatures vanquished.

Notes
Turn   | Place    | Note
-------+----------+-------------------------------------------
     0 | D:1      | sammy202020 the Demonspawn Berserker began the quest for
                  | the Orb.
     0 | D:1      | Reached XP level 1. HP: 18/18 MP: 1/1
    23 | D:1      | Found a faded altar of an unknown god.
   182 | D:1      | Gained mutation: You are partially covered in sharp spines.
                  | [demonic ancestry]
   182 | D:1      | Reached XP level 2. HP: 12/24 MP: 2/2
   778 | D:2      | Reached XP level 3. HP: 29/29 MP: 3/3
   782 | D:2      | Reached ** piety under Trog
  1516 | D:3      | Noticed Ijyb
  1538 | D:3      | Killed Ijyb
  1539 | D:3      | Gained mutation: You have a small tail. [demonic ancestry]
  1539 | D:3      | Reached XP level 4. HP: 21/37 MP: 4/4
  1740 | D:3      | Noticed Sigmund
  1766 | D:3      | Killed Sigmund
  1767 | D:3      | Gained mutation: You have a tail ending in a sharp stinger.
                  | [demonic ancestry]
  1767 | D:3      | Reached XP level 5. HP: 11/43 MP: 5/5
  2093 | D:3      | Gained mutation: You have a somewhat thin skeletal
                  | structure. (Dex +2, Stealth+) [demonic ancestry]
  2093 | D:3      | Reached XP level 6. HP: 45/49 MP: 6/6
  2408 | D:3      | Found a transporter.
  2410 | D:3      | Found a transporter.
  2443 | D:3      | Found a one-way gate to the infinite horrors of the Abyss.
  2443 | D:3      | Noticed zeratav's ghost (amateur OpCj)
  2735 | D:4      | Reached skill level 5 in Fighting
  3052 | D:4      | You are sucked into a shaft and drop 1 floor!
  3052 | D:5      | Entered Level 5 of the Dungeon
  3056 | D:5      | Noticed a water moccasin
  3061 | D:5      | Reached XP level 7. HP: 56/56 MP: 2/7
  3069 | D:5      | Reached skill level 5 in Axes
  3204 | D:5      | Found a transporter.
  3205 | D:5      | Noticed Dowan
  3211 | D:5      | Noticed Duvessa
  3224 | D:5      | Killed Dowan
  3228 | D:5      | HP: 1/56 [Duvessa/+0 short sword of flaming (3)]
  3230 | D:5      | Slain by Duvessa

Illustrated notes

Levels and vault maps discovered:
D:1:      roderic_chinese_lattice_arrival, layout_rooms, basic_ecumenical_altar,
          st_stairs_6, chequers_serial_rivers_micro_b
D:2:      layout_rooms
D:3:      layout_loops_ring, gammafunk_ghost_abyssal_escape, uniq_sigmund,
          uniq_ijyb
D:4:      layout_loops_cross, gammafunk_temple_overflow_forgotten,
          makhleb_blood_cavern_becter
D:5:      gammafunk_steamed_eel, layout_rooms, minmay_misc_feat_encased,
          grunt_ministairs_11, uniq_pikel, uniq_duvessa, uniq_eustachio

Skill      XL: |  1  2  3  4  5  6  7 |
---------------+----------------------+-----
Axes           | 3 4 5 |  5.1
Dodging        | 2 3 |  3.5
Armour         | 2 3 |  3.3
Fighting       | 4 5 |  5.6

Action                   |  1- 3 |  4- 6 |  7- 9 || total
-------------------------+-------+-------+-------++-------
Melee: Hand axe          |    78 |    76 |    29 ||   183
       Tailslap          |       |    17 |     2 ||    19
       War axe           |       |    24 |       ||    24
Invok: Berserk           |       |     2 |     1 ||     3
       Trog's Hand       |       |     1 |       ||     1
  Use: Scroll            |     9 |     4 |     2 ||    15
Armor: Animal skin       |    17 |       |       ||    17
       Chain mail        |    13 |    43 |    14 ||    70
Dodge: Dodged            |    46 |    41 |    11 ||    98

Table legend: (Time is in decaauts)
 A = Elapsed time spent in this place.
 B = Non-inter-level travel time spent in this place.
 C = Inter-level travel time spent in this place.
 D = Time resting spent in this place.
 E = Time spent auto-exploring this place.
 F = Levels seen in this place.
 G = Mean time per level.
                   A        B        C        D        E       F      G
               +--------+--------+--------+--------+--------+-----+--------+
         Total |   3266 |   3216 |     50 |     47 |   2529 |   5 |  653.2 |
       Dungeon |   3266 |   3216 |     50 |     47 |   2529 |   5 |  653.2 |
               +--------+--------+--------+--------+--------+-----+--------+

Top non-repeatable levels by time:
     D:3: 1486 daAuts
     D:1: 693 daAuts
     D:2: 508 daAuts
     D:4: 394 daAuts
     D:5: 183 daAuts
